Map: King Sejong Station LE

Players

Gracz - Winner!

  • Race: Protoss Protoss
  • League: Silver

SilverStar

  • Race: Terran Terran

VOD

Have the link to the VOD?

Description

Time

  • Played on: Oct. 22, 2016, 8:58 a.m.
  • Length: 9:24
Show
View Real Time Build Order
Export as new Build Order

Gracz Protoss - Winner!

Build Orders:  

Get SALT Encoding   

  12  0:02  Probe (Chrono Boost)  
  13  0:16  Probe (Chrono Boost)  
  14  0:23  Pylon  
  14  0:26  Probe (Chrono Boost)  
  15  0:41  Assimilator, Probe (Chrono Boost)  
  16  0:52  Probe (Chrono Boost)  
  17  1:02  Probe (Chrono Boost)  
  18  1:04  Gateway  
  18  1:06  Pylon  
  18  1:13  Probe (Chrono Boost)  
  18  1:15  Assimilator  
  18  1:16  Pylon  
  19  1:33  Gateway  
  19  1:39  Probe (Chrono Boost)  
  20  1:50  Probe (Chrono Boost)  
  21  2:05  Probe (Chrono Boost)  
  21  2:06  Cybernetics Core  
  23  2:15  Probe (Chrono Boost)  
  23  2:45  Stargate  
  23  2:47  Stargate  
  23  2:51  Stargate  
  23  3:09  Unknown, Nexus  
  23  3:12  Pylon  
  24  3:27  Probe (Chrono Boost)  
  24  3:30  Warp Gate  
  24  3:32  Fleet Beacon  
  24  3:47  Assimilator  
  24  4:15  Probe (Chrono Boost)  
  25  4:20  Unknown  
  25  4:21  Probe (Chrono Boost)  
  26  4:27  Probe (Chrono Boost)  
  27  4:32  Probe (Chrono Boost)  
  27  4:33  Tempest  
  33  4:39  Probe (Chrono Boost)  
  33  4:42  Probe (Chrono Boost)  
  34  4:52  Probe (Chrono Boost)  
  35  4:53  Mothership Core (Chrono Boost)  
  37  5:04  Probe (Chrono Boost)  
  37  5:05  Gateway  
  38  5:07  Gateway  
  38  5:09  Protoss Air Weapons Level 1  
  38  5:10  Assimilator  
  38  5:13  Probe (Chrono Boost)  
  39  5:16  Probe (Chrono Boost)  
  40  5:21  Tempest  
  40  5:25  Probe (Chrono Boost)  
  40  5:28  Probe (Chrono Boost)  
  47  5:37  Probe (Chrono Boost)  
  47  5:40  Probe (Chrono Boost)  
  48  5:46  Tempest  
  48  5:49  Probe (Chrono Boost)  
  53  5:52  Probe (Chrono Boost)  
  54  6:03  Tempest  
  58  6:40  Tempest  
  62  6:47  Pylon  
  62  6:50  Pylon  
  62  7:01  Tempest  
  62  7:07  Probe x2 (Chrono Boost)  
  68  7:19  Probe (Chrono Boost)  
  68  7:20  Tempest  
  73  7:22  Tempest  
  77  8:38  Pylon  
  77  8:41  Pylon  
  77  8:53  Robotics Facility  
  77  9:02  Pylon  
Show
View Real Time Build Order
Export as new Build Order

SilverStar Terran 

Build Orders:  

Get SALT Encoding   

  12  0:14  SCV  
  13  0:27  SCV  
  14  0:31  Supply Depot  
  14  0:37  Engineering Bay  
  14  0:39  SCV  
  15  0:46  Refinery  
  15  0:53  SCV  
  16  0:58  Supply Depot  
  16  1:05  SCV  
  17  1:17  SCV  
  18  1:18  Barracks  
  18  1:29  SCV  
  19  1:33  Refinery  
  19  1:39  Supply Depot  
  19  1:41  SCV  
  20  1:53  SCV  
  21  2:05  SCV  
  22  2:08  Marine  
  23  2:19  Barracks  
  23  2:26  Marine  
  24  2:41  Missile Turret  
  24  2:44  Marine  
  25  2:54  Terran Infantry Weapons Level 1  
  25  3:02  Missile Turret, Marine  
  26  3:07  SCV  
  27  3:13  Barracks Reactor  
  27  3:19  Marine, SCV  
  28  3:24  Supply Depot  
  29  3:31  SCV  
  29  3:34  Factory  
  30  3:42  Missile Turret  
  30  4:04  Missile Turret  
  30  4:08  Marine x3  
  33  4:23  Factory Reactor  
  33  4:26  Missile Turret, Marine x3  
  36  4:36  Starport, SCV  
  37  4:43  Marine  
  37  4:44  Marine x2  
  40  4:48  Terran Infantry Armor Level 1  
  40  5:01  Marine  
  40  5:04  Barracks Tech Lab  
  41  5:07  Marine  
  42  5:19  Marine  
  43  5:21  Widow Mine  
  43  5:24  Widow Mine  
  47  5:36  Supply Depot  
  47  5:57  Marine x2, Viking, Widow Mine x2  
  47  5:59  Supply Depot  
  55  6:20  Marine x2  
  55  6:23  Supply Depot  
  55  6:24  Starport  
  57  6:26  Widow Mine  
  57  6:27  Viking  
  57  6:30  Marine  
  62  6:38  Marine  
  63  6:45  Reaper  
  64  6:48  Marine  
  65  6:56  Reaper  
  66  7:02  Supply Depot  
  66  7:06  Marine  
  64  7:17  Reaper  
  63  7:24  Marine  
  63  7:25  Supply Depot  
  63  7:28  Reaper  
  65  7:42  Marine  
  63  7:47  Supply Depot  
  63  7:50  Viking x2  
  57  8:20  Viking x2  
  56  8:58  Marine  
  56  9:00  Missile Turret  
  54  9:02  Marine  
  54  9:03  Marine  
  50  9:20  Missile Turret  
Tags
 
Add a new tag
Caveats
  • Supply blocks, unpowered buildings, or Contaminate may cause inaccurate times.
  • Supply counts are checked every 10 seconds.